[Event "*** Titled Tuesday 3|2 Blitz"]
[Site "Chess.com"]
[Date "2016.10.04"]
[Round "4"]
[White "Frolyanov_D"]
[Black "AndrewMcStone"]
[Result "1-0"]
[WhiteElo "2418"]
[BlackElo "2016"]
[TimeControl "180+2"]
[EndTime "11:49:31 PDT"]
[Termination "Frolyanov_D won on time"]

1. e4 e6 2. d4 d5 3. Nc3 Nc6 4. e5 f6 5. Bb5 Bd7 6. Nf3 Qe7 7.
O-O Qf7 8. Re1 Nge7 9. exf6 gxf6 10. Na4 Ng6 11. c4 dxc4 12. d5 Nce5 13. dxe6 Qxe6 14. Nd4 Qd6 15. Nc3 O-O-O 16. Be3 Nd3 17. Qa4 a6 18. Bxd7+ Qxd7 19. Qxc4 Nxe1 20. Rxe1 Ne5 21. Qb3 Bd6 22.
Rc1 Kb8 23. Nd5 Rhf8 24. h3 Ka8 25. Ne2 Rf7 26. f4 Nc6 27. Nd4 Nxd4 28. Bxd4 Rg7 29. Bf2 Rdg8 30. g4 Rxg4+ 31. hxg4 Qxg4+ 32. Kf1 Bxf4 33. Nxf4 Re8 34. Qc4 1-0

[Event "*** Titled Tuesday 3|2 Blitz"]
[Site "Chess.com"]
[Date "2016.10.04"]
[Round "4"]
[White "Saitama_Hero"]
[Black "chessbia"]
[Result "0-1"]
[WhiteElo "2170"]
[BlackElo "2036"]
[TimeControl "180+2"]
[EndTime "11:49:34 PDT"]
[Termination "chessbia won by resignation"]

1. d4 d5 2. c4 c6 3. cxd5 cxd5 4. Nc3 Nf6 5. f3 a6 6. e4 e6 7. e5 Nfd7 8. f4 Be7 9. Nf3 Nc6 10. Be3 Nb6 11. Bd3 Nc4 12. Bxc4 dxc4 13. O-O b5 14. d5 exd5 15. Nxd5 O-O 16. Qd2 Bf5 17. Rfd1 Bd3 18. Nxe7+ Qxe7 19. Qf2 Rfd8 20. Bc5 Qe6 21. Ng5 Qf5 22. h3 h6 23. g4 Qg6 24. Nf3 Qe4 25.
Be3 Nb4 26. Rd2 Nc2 27. Rxc2 Bxc2 28. Re1 Bd3 29. f5 Qb7 30. f6 Rd5 31. fxg7 Kxg7 32. Bd4 Kh7 33. Qh4 Rg8 34. Be3 Rg6 35. Ng5+ Kg7 36. Nf3 Rd8 37. Qxd8 Qxf3 38. Qd4 Qg3+ 39.
Kh1 Qxh3+ 40. Kg1 Rxg4+ 0-1

[Event "*** Titled Tuesday 3|2 Blitz"]
[Site "Chess.com"]
[Date "2016.10.04"]
[Round "4"]
[White "jcibarra"]
[Black "ftorodent"]
[Result "1-0"]
[WhiteElo "2701"]
[BlackElo "2504"]
[TimeControl "180+2"]
[EndTime "11:49:38 PDT"]
[Termination "jcibarra won by resignation"]

1. e4 e6 2. d4 d5 3. Bd3 c5 4.
exd5 exd5 5. Nf3 Nc6 6. O-O c4 7. Re1+ Be7 8. Bf1 Nf6 9. b3 cxb3 10. axb3 O-O 11. c4 Bg4 12. Bb2 Bxf3 13. Qxf3 dxc4 14. Bxc4 Nxd4 15. Qxb7 Bc5 16. Bxd4 Qxd4 17. Ra2 Ng4 18. Qf3 Ne5 19. Qe4 Rae8 20. Rae2 g6 21. Qxd4 Bxd4 22. Nd2 Rd8 23. Nf1 Nxc4 24. bxc4 Bb6 25. Ne3 Rd3 26. Nd5 Bc5 27. Ra2 Rb8 28. g3 h5 29. Kg2 Kg7 30. Ra5 Rc8 31. Rb5 Rd2 32. Rf1 Bd4 33. Rb4 Re8 34. Nf4 h4 35. Rbb1 hxg3 36. hxg3 g5 37.
Rbd1 Rxd1 38. Rxd1 Bb6 39. Nd5 Bc5 40. Kf3 a5 41.
Ra1 Ra8 42. Ra4 f5 43. Nc7 Ra7 44. Ne6+ 1-0

[Event "*** Titled Tuesday 3|2 Blitz"]
[Site "Chess.com"]
[Date "2016.10.04"]
[Round "4"]
[White "Drags95"]
[Black "maciek_92"]
[Result "0-1"]
[WhiteElo "2389"]
[BlackElo "2595"]
[TimeControl "180+2"]
[EndTime "11:49:38 PDT"]
[Termination "maciek_92 won by resignation"]

1. d4 Nf6 2. c4 g6 3. Nc3 Bg7 4. e4 d6 5. Bd3 O-O 6. Nge2 Nc6 7. O-O e5 8. d5 Nd4 9. Be3 Nh5 10. Bc2 Nxc2 11.
Qxc2 f5 12. f3 Bd7 13. c5 f4 14. Bf2 g5 15. Qb3 Kh8 16. cxd6 cxd6 17. Nb5 g4 18. Nxd6 gxf3 19. Qxf3 Qg5 20. h3 Rf6 21. Nxb7 Bb5 22. Rfe1 Rg8 23. Nc3 Bd7 24. Nc5 Bc8 25. Rad1 Bf8 26.
Ne6 Bxe6 27. dxe6 Rfg6 28. g4 Nf6 29. Nd5 h5 30. e7 hxg4 31. hxg4 Nxg4 32. Qg2 Bxe7 33.
Kf1 Qh5 34. Rd3 Nh2+ 35. Qxh2 Qxh2 36. Nxe7 Qg2+ 37. Ke2 Qxe4+ 38. Kd2 Qb4+ 39. Kc2 Qxe7 40. Rxe5 Rc8+ 0-1

[Event "*** Titled Tuesday 3|2 Blitz"]
[Site "Chess.com"]
[Date "2016.10.04"]
[Round "4"]
[White "RobertoJBM"]
[Black "daro94"]
[Result "0-1"]
[WhiteElo "2526"]
[BlackElo "2648"]
[TimeControl "180+2"]
[EndTime "11:49:49 PDT"]
[Termination "daro94 won by resignation"]

1. d4 Nf6 2. c4 g6 3. Nf3 Bg7 4. g3 O-O 5. Bg2 c5 6. d5 d6 7.
O-O e6 8. Nc3 exd5 9. cxd5 Re8 10. Nd2 a6 11. a4 Nbd7 12. e4 Rb8 13. a5 b5 14. axb6 Nxb6 15. Qc2 Qc7 16. h3 Nfd7 17. Re1 c4 18. Nf3 Nc5 19. Be3 Bd7 20. Bxc5 Qxc5 21. Rxa6 Ra8 22. Rea1 Rxa6 23. Rxa6 Ra8 24.
Rxa8+ Nxa8 25. Nd1 Nb6 26. b3 cxb3 27. Qxb3 Ba4 28. Qd3 Qc1 29. Qa6 Bxd1 30. Kh2 Bxf3 31. Bxf3 Qc5 32. Kg2 h5 33. h4 Bd4 34. Qe2 Nc4 35. Bxh5 gxh5 36. Qxh5 Bg7 37. Qg5 Qd4 38. Qf5 Nd2 39. Qc8+ Bf8 40. Qg4+ Qg7 41. Qe2 Nb3 42. f4 Nc5 43. e5 Qg6 44. Kh2 dxe5 45. fxe5 Qe4 46.
Qxe4 Nxe4 47. Kg2 Nc3 48. d6 Kg7 49. Kf3 Kg6 50. g4 Nd5 51. Ke4 Nb6 52. Kd4 Bg7 53. Ke4 Nd7 54. h5+ Kg5 55. Kd5 Nxe5 56. Kc5 Kxg4 0-1

[Event "*** Titled Tuesday 3|2 Blitz"]
[Site "Chess.com"]
[Date "2016.10.04"]
[Round "4"]
[White "Carolina-moon"]
[Black "FearNoEvil12"]
[Result "0-1"]
[WhiteElo "2153"]
[BlackElo "2061"]
[TimeControl "180+2"]
[EndTime "11:49:53 PDT"]
[Termination "FearNoEvil12 won on time"]

1. e4 a6 2. Nf3 b5 3. a4 b4 4. c3 e6 5. d4 Bb7 6. Bd3 Nf6 7. Qe2 d6 8. O-O bxc3 9. Nxc3 Nbd7 10. a5 h6 11. Re1 g5 12. e5 Nd5 13. exd6 cxd6 14. Nxd5 Bxd5 15. Be4 Nf6 16. Bxd5 Nxd5 17. Qe4 Be7 18. Bd2 Rb8 19. Bc3 O-O 20. h4 gxh4 21. Bd2 Bg5 22. Nxg5 hxg5 23. Qg4 f5 24. Qh5 Qf6 25.
Bxg5 Qf7 26. Qxh4 Rxb2 27. Bh6 Re8 28. Rac1 Qe7 29. Bg5 Qh7 30. Qg3 Qg6 31. f4 Kf7 32. Qa3 Rxg2+ 33. Kxg2 Nxf4+ 34. Kf2 Qxg5 35. Qxd6 Nd3+ 36.
Kf3 Nxc1 37. Qc7+ Re7 38. Qxc1 Qg4+ 39. Kf2 Qxd4+ 40. Kg2 Kf6 41. Qh6+ Kf7 42. Kh2 Ke8 43. Rg1 Kd7 44. Rg2 Qe5+ 45. Kh3 Re8 46. Rd2+ Kc8 47. Rc2+ Kb8 0-1

[Event "*** Titled Tuesday 3|2 Blitz"]
[Site "Chess.com"]
[Date "2016.10.04"]
[Round "4"]
[White "Tash_Boy"]
[Black "ulises2013"]
[Result "0-1"]
[WhiteElo "2443"]
[BlackElo "2329"]
[TimeControl "180+2"]
[EndTime "11:49:53 PDT"]
[Termination "ulises2013 won by resignation"]

1. e4 g6 2. d4 Bg7 3. Nc3 c5 4. d5 d6 5. Nf3 Nf6 6. Nd2 O-O 7. a4 e6 8. Nc4 exd5 9. exd5 Re8+ 10. Be2 Ne4 11. Nxe4 Rxe4 12. Be3 Re8 13. O-O Bf5 14.
Bf4 Bf8 15. c3 Na6 16. Bf3 Nc7 17. b4 cxb4 18. cxb4 Be4 19. Na5 Rb8 20. Rc1 Qd7 21. b5 Nxd5 22. Bxe4 Nxf4 23. Bf3 d5 24. Nb3 Rbd8 25.
Qd4 Ne6 26. Qxa7 Ra8 27. Qb6 Rxa4 28. Rfd1 d4 29. Qxb7 Qxb7 30. Bxb7 Rb4 31. Bc6 Rb8 32. Nd2 Bh6 33. Rc4 Bxd2 34. Rxb4 Bxb4 35. Kf1 Bc3 36. Ke2 Nd8 37. Bd7 Rb7 38. Bc8 Rxb5 39. Kd3 Ne6 40. g3 Rb2 41. f4 Rxh2 42. Rb1 Rg2 43. Ke4 Rxg3 44. Rb8 Kg7 45. Rb7 Re3+ 46. Kd5 Nxf4+ 0-1

[Event "*** Titled Tuesday 3|2 Blitz"]
[Site "Chess.com"]
[Date "2016.10.04"]
[Round "4"]
[White "HovmoellerHest"]
[Black "Mastervlad8"]
[Result "1-0"]
[WhiteElo "2310"]
[BlackElo "2140"]
[TimeControl "180+2"]
[EndTime "11:49:55 PDT"]
[Termination "HovmoellerHest won on time"]

1. d4 Nf6 2. Nf3 g6 3. c4 Bg7 4. g3 O-O 5. Bg2 d6 6. O-O Nc6 7. Nc3 Rb8 8. e4 Bg4 9. h3 Bxf3 10. Bxf3 e5 11. d5 Nd4 12. Bg2 Nd7 13. Be3 c5 14. f4 a6 15. a4 exf4 16. gxf4 b5 17.
axb5 axb5 18. cxb5 Nxb5 19. Qe2 Nd4 20. Qf2 Re8 21.
Ra6 f5 22. Rxd6 Qe7 23. e5 Nxe5 24. fxe5 Qxe5 25. Bf4 Qe7 26. Kh1 g5 27. Bh2 f4 28.
Ra6 Nf5 29. d6 Nxd6 30. Qxc5 Ne4 31. Qxe7 Rxe7 32. Nxe4 Rxb2 33. Nxg5 Ree2 34. Ra8+ Bf8 35. Bd5+ Kg7 36. Bxf4 Be7 37. Ra7 Kg6 38. Bf7+ Kg7 39. Bd5 Kg6 40. Ne4 Bh4 41. Ra6+ Kg7 42. Be5+ 1-0

[Event "*** Titled Tuesday 3|2 Blitz"]
[Site "Chess.com"]
[Date "2016.10.04"]
[Round "4"]
[White "Tarlev_Konstantin"]
[Black "sandropozo"]
[Result "1-0"]
[WhiteElo "2560"]
[BlackElo "2344"]
[TimeControl "180+2"]
[EndTime "11:49:56 PDT"]
[Termination "Tarlev_Konstantin won on time"]

1. c4 c6 2. d4 d5 3. Nf3 Nf6 4. e3 g6 5. Nc3 Bg7 6. Be2 O-O 7. O-O e6 8. b3 Nbd7 9. Ba3 Re8 10. Rc1 b6 11.
Ne5 Bb7 12. cxd5 exd5 13. f4 a6 14. Na4 b5 15. Nc3 a5 16. Bb2 Bf8 17. Bd3 a4 18. bxa4 b4 19. Ne2 c5 20. dxc5 Nxc5 21. Bb5 Re6 22.
Nd4 Rb6 23. f5 Bg7 24. fxg6 hxg6 25. Nec6 Qd6 26. Qf3 Nce4 27. Qf4 Qxf4 28. Rxf4 Bxc6 29. Nxc6 Nh5 30. Ne7+ Kh8 31. Bxg7+ Kxg7 32. Nxd5 Rd6 33. Rxe4 Rxd5 34. Rxb4 Rad8 35. a5 Rd2 36. a4 Ra2 37.
Ba6 Rdd2 38. Bf1 Nf6 39. a6 Nd5 40. Re4 f5 41. a7 fxe4 42. a8=Q Nxe3 43. Qxe4 Nxf1 44.
Rxf1 1-0

[Event "*** Titled Tuesday 3|2 Blitz"]
[Site "Chess.com"]
[Date "2016.10.04"]
[Round "4"]
[White "Keranke"]
[Black "Ar4uha"]
[Result "1/2-1/2"]
[WhiteElo "2626"]
[BlackElo "2471"]
[TimeControl "180+2"]
[EndTime "11:49:58 PDT"]
[Termination "Game drawn by repetition"]

1. d4 Nf6 2. c4 e6 3. g3 d5 4. Bg2 dxc4 5. Nf3 Nbd7 6. Qa4 a6 7.
Qxc4 b5 8. Qc2 Bb7 9. O-O c5 10.
a4 b4 11. Nbd2 Rc8 12. Qd3 Be7 13. b3 cxd4 14. Nxd4 Nc5 15. Qe3 Bxg2 16. Kxg2 Nd5 17. Qf3 Bf6 18. Bb2 O-O 19. Ne4 Nxe4 20. Qxe4 Nc3 21. Bxc3 Rxc3 22. Rfd1 Qb6 23. Rab1 Rd8 24. Nf3 a5 25. Nd2 Qd4 26. e3 Qd3 27. Qf3 Qf5 28. Ne4 Rcd3 29. Rxd3 Rxd3 30. Qxf5 exf5 31. Nxf6+ gxf6 32. Rb2 Kg7 33. Kf3 Kg6 34. Kf4 Rc3 35.
h4 h5 36. Kf3 Rd3 37. Ke2 Rc3 38. Kd2 Kg7 39. Rb1 Kg6 40. Ke2 Kg7 41. Kf3 Kg6 42. Rb2 Rd3 43. Kf4 Rc3 44. Kf3 Rd3 45. Kf4 Rc3 46.
Rb1 Rd3 47. Rb2 1/2-1/2

[Event "*** Titled Tuesday 3|2 Blitz"]
[Site "Chess.com"]
[Date "2016.10.04"]
[Round "4"]
[White "brightthunder"]
[Black "CheckThis4"]
[Result "1-0"]
[WhiteElo "2421"]
[BlackElo "2337"]
[TimeControl "180+2"]
[EndTime "11:49:59 PDT"]
[Termination "brightthunder won by checkmate"]

1. e4 c5 2. Nf3 d6 3. d4 cxd4 4.
Nxd4 Nf6 5. Nc3 g6 6. Be3 Bg7 7. f3 Nc6 8. Qd2 O-O 9. Bc4 Bd7 10. O-O-O Rc8 11. Bb3 Nxd4 12. Bxd4 b5 13. Nd5 Nxd5 14. Bxg7 Kxg7 15. exd5 a5 16. a3 Kg8 17. Rhe1 Rc5 18.
Qe3 Re8 19. g4 Qc7 20. Rd2 b4 21. a4 e5 22. dxe6 Bxe6 23. Qd4 Rc8 24. Rxe6 fxe6 25.
Bxe6+ Kf8 26. Qf6+ Ke8 27. Bxc8 Qxc8 28. Qh8+ Kd7 29. Qxh7+ Kc6 30. Qxg6 Qf8 31. Qe4+ Kb6 32. h4 Re5 33. Qd4+ Kc7 34. b3 Rc5 35. Kb2 Rc6 36. f4 Rc5 37. h5 Kb7 38. g5 Qf5 39. h6 Qh3 40. Qxd6 Qc3+ 41. Ka2 Rc6 42. Qd5 Kb6 43. h7 Rc5 44. Qd8+ Ka7 45. h8=Q Rc8 46. Qxc3 bxc3 47. Rd7+ Ka6 48. Qxc8+ Kb6 49. Rd6+ Ka7 50. Ra6# 1-0

[Event "*** Titled Tuesday 3|2 Blitz"]
[Site "Chess.com"]
[Date "2016.10.04"]
[Round "4"]
[White "annakantane"]
[Black "GMOratovsky"]
[Result "1/2-1/2"]
[WhiteElo "2252"]
[BlackElo "2396"]
[TimeControl "180+2"]
[EndTime "11:49:59 PDT"]
[Termination "Game drawn - insufficient material"]

1. e4 d6 2. d4 Nf6 3. Nc3 e5 4.
Nf3 Nbd7 5. Bc4 exd4 6. Nxd4 Nb6 7. Be2 Be7 8. O-O O-O 9. f4 c6 10. Bf3 g6 11. a4 a5 12. b3 d5 13. e5 Ne8 14. Nce2 Ng7 15. Bb2 f6 16. exf6 Bxf6 17. Qd2 Nf5 18. Ba3 Re8 19. Nxf5 Bxf5 20. Rae1 Nd7 21.
Kh1 Qb6 22. Rd1 Qe3 23. Nd4 Qxd2 24. Rxd2 Bxd4 25. Rxd4 Bxc2 26. b4 axb4 27. Rxb4 b5 28. Bb2 Rxa4 29. Rxa4 bxa4 30. Rc1 Nb6 31. h4 Bb3 32. Rxc6 Nd7 33. Rc7 Re7 34. Bg4 Nf6 35. Rxe7 Nxg4 36. Rg7+ Kf8 37. Rxh7 d4 38. Bxd4 Bf7 39.
Rh8+ Bg8 40. Bc5+ Kf7 41. Ba3 Ne3 42. g3 Nc2 43. Bb2 a3 44. Bxa3 Nxa3 45. h5 Kg7 46. Rxg8+ Kxg8 47. hxg6 Kg7 48. f5 Nc4 49. g4 Ne5 50.
Kg2 Nxg4 51. f6+ Nxf6 52. Kg3 Kxg6 1/2-1/2

[Event "*** Titled Tuesday 3|2 Blitz"]
[Site "Chess.com"]
[Date "2016.10.04"]
[Round "4"]
[White "GMNeiksans"]
[Black "Kubas1010"]
[Result "1/2-1/2"]
[WhiteElo "2638"]
[BlackElo "2470"]
[TimeControl "180+2"]
[EndTime "11:50:05 PDT"]
[Termination "Game drawn by stalemate"]

1. e4 e5 2. Nf3 Nc6 3. d4 exd4 4.
Nxd4 g6 5. Nxc6 bxc6 6. Qd4 Qf6 7.
Be3 Bg7 8. c3 Qxd4 9. Bxd4 Nf6 10. Nd2 O-O 11. O-O-O Re8 12. f3 d6 13. Bc4 Be6 14. Bxe6 Rxe6 15. Nb3 a5 16. a4 Bh6+ 17. Kc2 Nd7 18. h4 c5 19. Bf2 Bg7 20.
h5 Nb6 21. hxg6 hxg6 22. Rhe1 Kf8 23. Ra1 Nc4 24. Nd2 Nxd2 25. Kxd2 Rb8 26. Rab1 Ke7 27.
Kd3 Kd7 28. Kc4 Kc6 29. b4 cxb4 30. cxb4 axb4 31. Rxb4 Rxb4+ 32. Kxb4 f5 33. exf5 Rxe1 34. Bxe1 gxf5 35. g4 fxg4 36. fxg4 Kb6 37. Bc3 c5+ 38. Kb3 Bh6 39. Bf6 d5 40. Bd8+ Ka6 41. a5 Bd2 42. Ka4 c4 43. Bf6 Be3 44. g5 Bxg5 45. Bxg5 d4 46. Bf6 c3 47. Bxd4 c2 48. Bb2 c1=Q 49. Bxc1 Kb7 50. Kb5 Ka7 51. a6 Ka8 52. Kb6 Kb8 53. a7+ Ka8 54. Ka6 1/2-1/2

[Event "*** Titled Tuesday 3|2 Blitz"]
[Site "Chess.com"]
[Date "2016.10.04"]
[Round "4"]
[White "macko06"]
[Black "FrankieJay"]
[Result "0-1"]
[WhiteElo "2109"]
[BlackElo "2194"]
[TimeControl "180+2"]
[EndTime "11:50:08 PDT"]
[Termination "FrankieJay won by resignation"]

1. d4 Nf6 2. c4 g6 3. Nc3 Bg7 4. e4 O-O 5. Nf3 d6 6. Be2 e5 7. Be3 Ng4 8. Bg5 f6 9. Bh4 Nc6 10. h3 Nh6 11. d5 Ne7 12. Nd2 g5 13.
Bg3 f5 14. f3 Ng6 15. O-O g4 16. fxg4 fxg4 17. Rxf8+ Qxf8 18. hxg4 Qf6 19. Bf3 a6 20. Nf1 Bd7 21. Ne3 Qg5 22. Qe1 Nxg4 23. Nxg4 Bxg4 24.
Bxg4 Qxg4 25. Bh2 Rf8 26. Qe2 Qg5 27. Rf1 Rxf1+ 28. Kxf1 Qc1+ 29. Kf2 Bh6 30. Nd1 Bf4 31. Bxf4 exf4 32. b3 Ne5 33. Qh5 Qd2+ 34. Qe2 Ng4+ 35. Kf1 Nh2+ 36. Kf2 Ng4+ 37. Kf1 Qxd1+ 38. Qxd1 Ne3+ 39.
Ke2 Nxd1 40. Kxd1 Kg7 41. b4 Kf6 42. Kd2 Ke5 43. Kd3 h5 44. c5 h4 45. a4 f3 46.
gxf3 h3 47. Ke3 h2 48. f4+ Kf6 49. Kd4 h1=Q 50. e5+ dxe5+ 51. fxe5+ Ke7 52. d6+ cxd6 53. exd6+ Ke6 54. b5 Qd5+ 55. Kc3 Qxc5+ 0-1

[Event "*** Titled Tuesday 3|2 Blitz"]
[Site "Chess.com"]
[Date "2016.10.04"]
[Round "4"]
[White "Mepetmepe"]
[Black "keisyzrk"]
[Result "0-1"]
[WhiteElo "2316"]
[BlackElo "2280"]
[TimeControl "180+2"]
[EndTime "11:50:15 PDT"]
[Termination "keisyzrk won by resignation"]

1. Nf3 Nf6 2. c4 e6 3. g3 b6 4. Bg2 Bb7 5. O-O c5 6. Nc3 Be7 7. Re1 O-O 8. e4 d6 9. d4 cxd4 10. Nxd4 Nbd7 11. Be3 a6 12. f4 Rc8 13. Bf2 Qc7 14.
Rc1 Qb8 15. e5 Ne8 16. Nf3 Rxc4 17. Qd3 Rc8 18. Ne4 Nc5 19. Rxc5 dxc5 20. Nfg5 g6 21.
g4 h6 22. Nf3 Rd8 23. Qe2 Qa8 24. Bh4 Bxh4 25. Nxh4 Rd4 26. Nf6+ Nxf6 27. exf6 Bxg2 28. Nxg2 Rfd8 29. g5 Rd2 30. Qg4 h5 31. Qh3 Qd5 32. Ne3 Qd4 33. Qf3 Rxb2 34. Kf1 Rxa2 35. f5 exf5 36.
Ng2 Ra1 37. Nf4 Rxe1+ 38. Kxe1 Re8+ 39. Kf1 Qc4+ 40. Kf2 Qc2+ 41. Kg3 Qd2 42. Nd5 Re5 43. Ne7+ Kh7 44. h4 Re3 0-1

[Event "*** Titled Tuesday 3|2 Blitz"]
[Site "Chess.com"]
[Date "2016.10.04"]
[Round "4"]
[White "AdrianaNikolova"]
[Black "Malev212"]
[Result "1-0"]
[WhiteElo "2260"]
[BlackElo "2311"]
[TimeControl "180+2"]
[EndTime "11:50:23 PDT"]
[Termination "AdrianaNikolova won by resignation"]

1. e4 c5 2. c3 g6 3. d4 cxd4 4.
cxd4 d5 5. e5 Nc6 6. Nc3 Bg7 7.
Bb5 Bd7 8. Bf4 a6 9. Bxc6 Bxc6 10. Nf3 h6 11. O-O e6 12. a4 Ne7 13. b4 Bd7 14. Qd2 Nc8 15. h4 Nb6 16. Qd3 Rc8 17. b5 a5 18. Ne2 Bf8 19. Rfc1 Rc4 20. Bd2 Rxc1+ 21. Nxc1 Nc4 22. Nb3 Be7 23. Nc5 b6 24. Nb7 Qb8 25. Nd6+ Bxd6 26. exd6 Qxd6 27. g3 Kd8 28. Bf4 Qb4 29.
Ne5 Be8 30. Rc1 Qxa4 31. Rxc4 dxc4 32. Qe4 Qxb5 33. Qa8+ Ke7 34. Qb8 Qd5 35. Nxc4 Bc6 36. Qc7+ Kf8 37. f3 Qxd4+ 38. Kh2 Qf2+ 39. Kh3 Qf1+ 40. Kh2 Qe2+ 41. Kh3 Bxf3 42. Qb8+ Ke7 43. Qd6+ Kf6 44. Qd4+ e5 45. Bxe5+ Ke6 46. Qd6+ Kf5 47. Qf6+ Ke4 48. Qf4+ Kd3 49. Qd4+ Kc2 50. Qc3+ Kb1 51. Nd2+ Qxd2 52. Qxd2 1-0

[Event "*** Titled Tuesday 3|2 Blitz"]
[Site "Chess.com"]
[Date "2016.10.04"]
[Round "4"]
[White "ChessSkool"]
[Black "dusanacns"]
[Result "0-1"]
[WhiteElo "2453"]
[BlackElo "2558"]
[TimeControl "180+2"]
[EndTime "11:50:25 PDT"]
[Termination "dusanacns won on time"]

1. d4 d6 2. Nf3 Nf6 3. c4 g6 4. g3 Bg7 5. Bg2 O-O 6. Nc3 Nc6 7. O-O Bg4 8. h3 Bxf3 9. exf3 Nd7 10. d5 Na5 11. Qe2 Nb6 12. c5 dxc5 13. Qb5 Nac4 14. Qxc5 Qd6 15. Ne4 Qxc5 16. Nxc5 Nxd5 17. f4 e6 18.
Nxb7 Rfb8 19. Nc5 Bxb2 20. Bxb2 Rxb2 21. Rfc1 Nd2 22. Nd3 Rb7 23. Rd1 Nc4 24. Rac1 Ncb6 25. Nc5 Rbb8 26. Na6 Rc8 27. Rc6 Kf8 28. Rdc1 Ne7 29.
Rxc7 Nbd5 30. Rxc8+ Rxc8 31. Rxc8+ Nxc8 32. Kf1 Ke7 33. Nc5 Kd6 34. Nd3 Nc3 35. a3 Nb6 36. Ke1 Nc4 37. h4 f6 38. Bf3 Nxa3 39. Kd2 Ncb5 40.
Nb2 Kc5 41. Kd3 Nd6 42. h5 gxh5 43. Bxh5 Nac4 44. Nxc4 Nxc4 45. Bf7 Kd5 46. Kc3 Nd6 47. Bg8 Ne4+ 0-1

[Event "*** Titled Tuesday 3|2 Blitz"]
[Site "Chess.com"]
[Date "2016.10.04"]
[Round "4"]
[White "MateusViageiro"]
[Black "SCIM"]
[Result "0-1"]
[WhiteElo "2313"]
[BlackElo "2303"]
[TimeControl "180+2"]
[EndTime "11:50:30 PDT"]
[Termination "SCIM won by resignation"]

1. e4 c5 2. Nf3 e6 3. d4 cxd4 4. Nxd4 Nc6 5. Nc3 Qc7 6. Be3 a6 7. Qd2 Nf6 8. f3 Be7 9. O-O-O b5 10. g4 Nxd4 11. Bxd4 Bb7 12. g5 Nh5 13. Kb1 O-O 14. Bd3 Rfd8 15. Ne2 e5 16. Be3 d5 17. Ng3 Nf4 18.
Qf2 Nxd3 19. cxd3 d4 20. Bc1 Bc8 21. h4 Be6 22. h5 Qa5 23. b3 Rdc8 24. Nf5 Bf8 25.
g6 Rc7 26. h6 fxg6 27. hxg7 Bxg7 28. Nxg7 Rxg7 29. f4 exf4 30. Qxd4 Rd8 31. Qe5 Bg4 32. Bb2 Qc7 33. Qg5 Bxd1 34. Rxd1 f3 35. Rc1 Qd7 36. d4 f2 37. d5 Rf8 38. Rf1 Qh3 39. Qc1 Qd3+ 40.
Ka1 Rc7 41. Qb1 Qxb1+ 42. Kxb1 g5 43. e5 g4 44. d6 Rd7 45. Bd4 g3 46. e6 Rxd6 47.
e7 Re8 48. Bc5 Rxe7 49. Bxd6 Re1+ 50. Kc2 Rxf1 51. Bxg3 Rc1+ 0-1

[Event "*** Titled Tuesday 3|2 Blitz"]
[Site "Chess.com"]
[Date "2016.10.04"]
[Round "4"]
[White "GrigorGrigorov"]
[Black "pedromartinez91"]
[Result "1/2-1/2"]
[WhiteElo "2560"]
[BlackElo "2366"]
[TimeControl "180+2"]
[EndTime "11:50:39 PDT"]
[Termination "Game drawn by repetition"]

1. d4 d5 2. Nf3 Nf6 3. c4 e6 4. Nc3 Be7 5. Bf4 O-O 6. e3 Nbd7 7.
Qc2 c6 8. Rd1 a6 9. a3 b6 10.
Bd3 Bb7 11. e4 dxe4 12. Nxe4 Nxe4 13. Bxe4 Nf6 14. Bd3 Qc8 15. c5 bxc5 16. dxc5 Rd8 17. O-O a5 18. Ne5 Ba6 19. b4 Bxd3 20. Rxd3 Nd5 21. Bd2 axb4 22. axb4 Bf6 23. Nc4 Qa6 24. Rd1 Qa4 25. Qxa4 Rxa4 26. Na5 Rc8 27. Rb3 Bd8 28.
g3 h5 29. h4 Kf8 30. Nc4 Bc7 31. Rc1 Rb8 32. Rcb1 Ke8 33. Kg2 Kd7 34. Kf3 f6 35. R1b2 Rba8 36. Na5 Rb8 37. Nc4 Rb5 38. Na3 Rb8 39.
Nc4 Rba8 40. Na5 Rb8 41. Nc4 e5 42. Rb1 Ra2 43. Be1 f5 44. Ne3 e4+ 45. Kg2 Nxe3+ 46.
Rxe3 Be5 47. Reb3 Rb5 48. Bc3 Ke6 49. Bxe5 Kxe5 50. Rd1 Ra4 51. Rd6 Raxb4 52. Rxb4 Rxb4 53. Rxc6 Rb2 54. Rc7 Rc2 55. Kf1 g6 56. Ke1 Kd5 57.
Rg7 Rxc5 58. Rxg6 Kd4 59. Rd6+ Rd5 60. Ra6 Kd3 61. Ra3+ Kd4 62. Ke2 Rb5 63. Ra4+ Ke5 64. Ra8 Rb2+ 65. Kf1 Kf6 66. Ra6+ Ke5 67. Rh6 Rb1+ 68.
Kg2 Rb2 69. Kg1 Rb1+ 70. Kg2 Rb2 71. Kg1 Rb1+ 72. Kg2 Rb2 73. Kg1 1/2-1/2

[Event "*** Titled Tuesday 3|2 Blitz"]
[Site "Chess.com"]
[Date "2016.10.04"]
[Round "4"]
[White "VSERGUEI"]
[Black "platy3"]
[Result "1-0"]
[WhiteElo "2541"]
[BlackElo "2726"]
[TimeControl "180+2"]
[EndTime "11:50:54 PDT"]
[Termination "VSERGUEI won on time"]

1. d4 Nf6 2. c4 e6 3. Nc3 Bb4 4. f3 c5 5. d5 O-O 6. e4 b5 7. e5 Ne8 8. f4 exd5 9. cxd5 d6 10. Bxb5 dxe5 11. Ne2 Nd6 12. O-O e4 13. a3 Ba5 14.
Be3 Qb6 15. b4 Nxb5 16. Bxc5 Nxc3 17. Nxc3 Qxc5+ 18. bxc5 Bxc3 19. Rc1 Bf6 20. c6 Ba6 21. Re1 Bd3 22. Qa4 Na6 23. Rxe4 Bxe4 24. Qxe4 Rac8 25. d6 Rfd8 26. Qd3 Nc7 27. d7 Rb8 28. a4 Be7 29. g3 Rb2 30. Qd4 Rb6 31. a5 Bf6 32. Qf2 Rb4 33. Kh1 Bd4 34. Qd2 Ra4 35. Rb1 Ne6 36.
f5 Nc7 37. Rb7 Be5 38. Rxa7 Ra1+ 39. Kg2 f6 40. Qc2 h5 41. Qb3+ Kh7 42. Qf7 Nb5 43. Qxh5+ Kg8 44. Rb7 Ra2+ 45. Kh3 Nc7 46. Ra7 Nb5 47.
Rb7 Nc7 48. Qd1 Rxa5 49. Qb3+ Kh8 50. Rb8 Ra8 51. Rb7 Ra6 52. Qc4 Ra3 53. Qf7 Rc3 54.
Qe7 1-0

[Event "*** Titled Tuesday 3|2 Blitz"]
[Site "Chess.com"]
[Date "2016.10.04"]
[Round "4"]
[White "stefanodinn"]
[Black "ka1ser64"]
[Result "1-0"]
[WhiteElo "2226"]
[BlackElo "2351"]
[TimeControl "180+2"]
[EndTime "11:51:11 PDT"]
[Termination "stefanodinn won by resignation"]

1. e4 e6 2. d4 d5 3. Nd2 Nf6 4. e5 Nfd7 5. Bd3 c5 6. c3 Nc6 7. Ne2 cxd4 8. cxd4 f6 9. exf6 Nxf6 10. O-O Bd6 11. f4 O-O 12. Nf3 Bd7 13. Kh1 Be8 14. Ng5 Qd7 15. Be3 h6 16. Nf3 Ng4 17. Qd2 Bb4 18. Nc3 Bh5 19. Rae1 Rac8 20. h3 Nf6 21. g4 Bf7 22. Ne5 Nxe5 23. fxe5 Ne4 24. Bxe4 dxe4 25. Rc1 Bg6 26. Kg2 Qe7 27. a3 Ba5 28. b4 Bb6 29. Na4 Bc7 30. Nc5 Bb8 31. Rxf8+ Rxf8 32. Rf1 Rc8 33. Qa2 Bf7 34. Nxe4 b6 35. Kg3 Qb7 36. Qg2 Qc6 37. Qf3 Bg6 38. Nd6 Qxf3+ 39. Rxf3 Rc3 40.
Bf4 Rc2 41. Rf2 Rc6 42. Rf3 Bc7 43. h4 Bd8 44. g5 hxg5 45. Bxg5 Bc7 46. Bf4 Rc2 47.
Rf2 Rc3+ 48. Rf3 Rc2 49. Rf2 Rc6 50. Rf3 Bb1 51. Re3 Rc1 52. Ne8 Bd8 53. Nd6 Rg1+ 54.
Kh2 Rf1 55. Bg5 Bc7 56. Kg2 Rd1 57. Nb5 Bb8 58. Nc3 Bf5 59. Nxd1 Bxe5 60. dxe5 Bh3+ 61. Kxh3 1-0

[Event "*** Titled Tuesday 3|2 Blitz"]
[Site "Chess.com"]
[Date "2016.10.04"]
[Round "4"]
[White "LuckyTiger"]
[Black "Mornar1951"]
[Result "1-0"]
[WhiteElo "2590"]
[BlackElo "2586"]
[TimeControl "180+2"]
[EndTime "11:51:15 PDT"]
[Termination "LuckyTiger won by resignation"]

1. e4 e5 2. Nf3 Nf6 3. Nxe5 d6 4. Nf3 Nxe4 5. Qe2 Qe7 6. d3 Nf6 7. Bg5 Nbd7 8. Nc3 h6 9. Bd2 Nb6 10. O-O-O Bg4 11. Re1 Qxe2 12. Bxe2 O-O-O 13. h3 Bd7 14. Bd1 Re8 15. g4 Be7 16. Nd4 Nfd5 17. Ne4 Bh4 18.
c4 Nf6 19. Ng3 Bxg3 20. fxg3 Rxe1 21. Rxe1 Re8 22. Rf1 c5 23. Nf5 Bxf5 24. Rxf5 Nbd7 25. Ba4 Re2 26. Bxd7+ Kxd7 27. Bxh6 Ne8 28. Kd1 Rg2 29. Bxg7 Ke6 30. Bc3 Rxg3 31. Rh5 Rxd3+ 32. Ke2 Rg3 33.
Kf2 Rd3 34. Rh6+ Ke7 35. Ke2 Rg3 36. Be1 Rg2+ 37. Bf2 Rh2 38. Kf3 Rh1 39. h4 Ra1 40. a3 Ra2 41. h5 Rxb2 42. Rh8 Rb3+ 43. Kf4 Ng7 44. Bh4+ Kd7 45. Rh7 Ne6+ 46. Ke4 Ke8 47. h6 Rh3 48. Bf6 b6 49. Rh8+ Kd7 50. h7 a6 51. a4 a5 52. g5 Kc7 53. g6 fxg6 54. Ra8 Kb7 55. h8=Q Rxh8 56. Rxh8 Kc6 57. Rh6 g5 58. Be7 Kd7 59. Rh7 Nd4 60. Bf6+ 1-0